General information
- name: BNet
- type: Ladder team game (AT/RT)
- host: Battle.net
- saver: Tairy
map: Typhoon
- players: 6
- length: 15:28
- speed: Fast
- version: 1.26 W3XP
- replay type: Public
» download(73 KB)
Players
team 1 (winner)
mrfunes2 (
purple | 38 APM | 582 actions | 15:25)
2 Archmage
1 Summon Water Elemental
1 Brilliance Aura
» actions
| Basic commands | 3 | |
| Build / train | 42 | |
| Enter build submenu | 21 | |
| Enter hero's abilities submenu | 2 | |
| Remove unit from queue | 2 | |
| Right click | 215 | |
| Select / deselect | 251 | |
| Use ability | 46 | |
582 total
» units
| Peasant | 8 | |
| Footman | 7 | |
| Mortar Team | 15 | |
30 total
» upgrades
» buildings
| Farm | 12 | |
| Altar of Kings | 1 | |
| Lumber Mill | 1 | |
| Barracks | 1 | |
| Scout Tower | 2 | |
| Arcane Tower | 3 | |
| Arcane Vault | 1 | |
| Keep | 1 | |
| Blacksmith | 1 | |
| Workshop | 2 | |
| Guard Tower | 1 | |
26 total
» build order
00:07 Farm
00:11 Altar of Kings
00:19 Lumber Mill
00:24 Barracks
01:42 Scout Tower
01:46 Farm
02:38 Arcane Tower
02:38 Arcane Tower
03:40 Farm
03:48 Arcane Vault
04:16 Keep
04:45 Blacksmith
05:02 Farm
06:34 Farm
06:39 Farm
06:44 Workshop
06:59 Workshop
08:22 Scout Tower
09:02 Guard Tower
09:08 Farm
09:11 Farm
14:40 Farm
14:43 Farm
14:48 Farm
14:53 Farm
Tairy (
red | 51 APM | 790 actions | 15:28)
3 Blademaster
1 Wind Walk
2 Critical Strike
» actions
| Assign group hotkey | 8 | |
| Basic commands | 11 | |
| Build / train | 33 | |
| ESC pressed | 1 | |
| Enter build submenu | 22 | |
| Enter hero's abilities submenu | 3 | |
| Give item / drop item | 1 | |
| Right click | 236 | |
| Select / deselect | 116 | |
| Select group hotkey | 320 | |
| Use ability | 39 | |
790 total
» units
» upgrades
| Ranged Weapons | 2 | |
| Liquid Fire | 1 | |
| Reinforced Defenses | 1 | |
4 total
» buildings
| Altar of Storms | 1 | |
| Orc Burrow | 5 | |
| Voodoo Lounge | 1 | |
| War Mill | 1 | |
| Stronghold | 1 | |
| Watch Tower | 9 | |
| Beastiary | 3 | |
| Fortress | 1 | |
22 total
» build order
00:13 Altar of Storms
00:20 Orc Burrow
01:18 Voodoo Lounge
01:35 Orc Burrow
02:17 War Mill
02:49 Stronghold
03:30 Watch Tower
03:49 Watch Tower
05:18 Beastiary
05:20 Beastiary
05:23 Beastiary
05:35 Watch Tower
07:02 Fortress
07:07 Watch Tower
07:08 Watch Tower
07:52 Orc Burrow
08:49 Watch Tower
08:54 Orc Burrow
10:27 Watch Tower
10:57 Orc Burrow
11:37 Watch Tower
13:42 Watch Tower
» items
| Healing Salve | 2 | |
| Lesser Clarity Potion | 2 | |
| Staff of Teleportation | 1 | |
5 total

»
CandyInTheVAN (
yellow | 37 APM | 576 actions | 15:25)
3 Blademaster
1 Mirror Image
2 Critical Strike
2 Shadow Hunter
1 Healing Wave
1 Serpent Ward
» actions
| Assign group hotkey | 16 | |
| Build / train | 58 | |
| ESC pressed | 1 | |
| Enter build submenu | 19 | |
| Enter hero's abilities submenu | 5 | |
| Give item / drop item | 3 | |
| Remove unit from queue | 3 | |
| Right click | 170 | |
| Select / deselect | 110 | |
| Select group hotkey | 140 | |
| Use ability | 51 | |
576 total
» units
| Peon | 14 | |
| Grunt | 9 | |
| Troll Headhunter/Berserker | -1 | |
| Shaman | 4 | |
26 total
» upgrades
| Pillage | 1 | |
| Melee Weapons | 2 | |
| Berserker Strength | 1 | |
| Armor | 1 | |
| Shaman Training | 2 | |
| Reinforced Defenses | 1 | |
8 total
» buildings
| Altar of Storms | 1 | |
| Orc Burrow | 6 | |
| War Mill | 1 | |
| Barracks | 1 | |
| Voodoo Lounge | 1 | |
| Watch Tower | 2 | |
| Great Hall | 2 | |
| Stronghold | 1 | |
| Spirit Lodge | 2 | |
| Fortress | 1 | |
18 total
» build order
00:07 Altar of Storms
00:09 Orc Burrow
01:06 War Mill
01:19 Orc Burrow
02:13 Barracks
02:20 Voodoo Lounge
02:26 Orc Burrow
02:52 Watch Tower
03:27 Watch Tower
05:03 Orc Burrow
05:08 Great Hall
05:42 Stronghold
07:17 Orc Burrow
08:13 Spirit Lodge
08:14 Fortress
09:45 Spirit Lodge
13:41 Great Hall
15:03 Orc Burrow
» items
| Healing Salve | 4 | |
| Lesser Clarity Potion | 3 | |
| Scroll of Town Portal | 2 | |
| Scroll of Speed | 1 | |
| Orb of Lightning | 1 | |
11 total
team 2 (loser)
Quiver-23 (
pink | 27 APM | 405 actions | 14:59)
2 Lich
1 Frost Nova
1 Frost Armor
» actions
| Build / train | 29 | |
| Enter build submenu | 28 | |
| Enter hero's abilities submenu | 2 | |
| Right click | 164 | |
| Select / deselect | 158 | |
| Use ability | 24 | |
405 total
» units
| Acolyte | 7 | |
| Ghoul | 9 | |
| Crypt Fiend | 5 | |
21 total
» upgrades
| Cannibalize | 1 | |
| Creature Carapace | 1 | |
2 total
» buildings
| Altar of Darkness | 1 | |
| Ziggurat | 4 | |
| Crypt | 1 | |
| Nerubian Tower | 1 | |
| Graveyard | 1 | |
| Halls of the Dead | 1 | |
| Spirit Tower | 1 | |
10 total
» build order
00:12 Altar of Darkness
00:18 Ziggurat
00:48 Crypt
01:44 Nerubian Tower
02:19 Graveyard
03:01 Ziggurat
03:05 Ziggurat
03:10 Ziggurat
04:10 Halls of the Dead
04:33 Spirit Tower

»
0n_TargeT (
teal | 58 APM | 891 actions | 15:25)
3 Death Knight
2 Death Coil
1 Unholy Aura
2 Crypt Lord
1 Spiked Carapace
1 Impale
» actions
| Assign group hotkey | 9 | |
| Basic commands | 90 | |
| Build / train | 42 | |
| Enter build submenu | 17 | |
| Enter hero's abilities submenu | 5 | |
| Remove unit from queue | 2 | |
| Right click | 403 | |
| Select / deselect | 199 | |
| Select group hotkey | 95 | |
| Use ability | 29 | |
891 total
» units
| Acolyte | 4 | |
| Ghoul | 3 | |
| Crypt Fiend | 4 | |
| Frost Wyrm | 2 | |
13 total
» upgrades
| Creature Attack | 2 | |
| Unholy Strength | 0 | |
| Creature Carapace | 1 | |
| Burrow | 1 | |
| Web | 1 | |
| Freezing Breath | 1 | |
6 total
» buildings
| Crypt | 1 | |
| Ziggurat | 6 | |
| Altar of Darkness | 1 | |
| Graveyard | 1 | |
| Nerubian Tower | 1 | |
| Tomb of Relics | 1 | |
| Halls of the Dead | 5 | |
| Black Citadel | 2 | |
| Sacrificial Pit | 1 | |
| Spirit Tower | 3 | |
| Boneyard | 2 | |
| Necropolis | 1 | |
25 total
» build order
00:10 Crypt
00:15 Ziggurat
00:38 Altar of Darkness
01:10 Graveyard
01:44 Ziggurat
02:21 Nerubian Tower
02:29 Tomb of Relics
03:53 Halls of the Dead
03:54 Halls of the Dead
05:32 Ziggurat
06:44 Black Citadel
06:45 Black Citadel
06:55 Sacrificial Pit
08:20 Spirit Tower
08:20 Spirit Tower
09:01 Ziggurat
09:25 Boneyard
09:28 Boneyard
13:19 Necropolis
14:45 Ziggurat
14:48 Ziggurat
14:49 Spirit Tower
15:04 Halls of the Dead
15:04 Halls of the Dead
15:04 Halls of the Dead
» items
| Rod of Necromancy | 1 | |
| Healing Salve | 1 | |
2 total
ctown718 (
green | 40 APM | 603 actions | 15:07)
5 Blademaster
2 Wind Walk
3 Critical Strike
» actions
| Basic commands | 2 | |
| Build / train | 35 | |
| Enter build submenu | 20 | |
| Enter hero's abilities submenu | 5 | |
| Give item / drop item | 1 | |
| Right click | 310 | |
| Select / deselect | 179 | |
| Use ability | 51 | |
603 total
» units
| Peon | 7 | |
| Grunt | 4 | |
| Makrura Deepseer | 1 | |
| Mur'gul Snarecaster | 1 | |
| Makrura Snapper | 1 | |
| Giant Sea Turtle | 1 | |
| Shaman | 2 | |
17 total
» upgrades
| Melee Weapons | 1 | |
| Shaman Training | 2 | |
| Pulverize | 1 | |
4 total
» buildings
| Altar of Storms | 1 | |
| Orc Burrow | 7 | |
| Barracks | 1 | |
| Stronghold | 2 | |
| Voodoo Lounge | 1 | |
| War Mill | 1 | |
| Spirit Lodge | 2 | |
| Fortress | 1 | |
| Great Hall | 1 | |
| Tauren Totem | 2 | |
19 total
» build order
00:11 Altar of Storms
00:18 Orc Burrow
00:37 Barracks
01:47 Orc Burrow
03:26 Stronghold
03:32 Orc Burrow
04:11 Voodoo Lounge
04:28 Orc Burrow
04:59 War Mill
05:26 Orc Burrow
06:42 Spirit Lodge
07:14 Fortress
07:52 Spirit Lodge
08:10 Orc Burrow
09:07 Orc Burrow
09:45 Great Hall
10:26 Tauren Totem
11:43 Tauren Totem
14:48 Stronghold
» items
| Boots of Speed | 1 | |
| Healing Salve | 2 | |
| Scroll of Speed | 2 | |
5 total
Chat log
(00:35 / All) Tairy: Hello and welcome to Tairy's Tips!
(00:44 / Allies) mrfunes2: maKE UNITS
(00:49 / Allies) CandyInTheVAN: you better play to WIN
(00:54 / Allies) mrfunes2: no tips please
(01:04 / Allies) mrfunes2: no bats
(01:07 / All) Tairy: Tairy's Tip: Your workers can chop trees with their axes or claws!
(01:21 / Allies) mrfunes2: yellow
(01:26 / Allies) CandyInTheVAN: yeah?
(01:33 / Allies) mrfunes2: he is going batys
(01:36 / Allies) mrfunes2: bats
(02:01 / Allies) mrfunes2: get units yellow
(02:04 / Allies) mrfunes2: grunts
(02:06 / All) Tairy: Tairy's Tip: Ask your allies what they are building!
(03:07 / All) Tairy: Tairy's Tip: Be sure to grab items before someone else does!
(04:25 / All) Tairy: Tairy's Tip: Peasants can turn into Militia when treatened.
(05:11 / All) Tairy: Tairy's Tip: Banshees can nab enemy units right from under their noses!
(06:35 / All) Tairy: Tairy's Tip: Attacking early is called "rushing."
(07:21 / All) Tairy: Tairy's Tip: Ziggurats can shoot ghosts or snow bombs at enemies!
(08:33 / All) Tairy: Tairy's Tip: Focus fire on heroes to win battles.
(09:25 / Allies) CandyInTheVAN: wood
(09:53 / Allies) CandyInTheVAN: WTF RED
(10:00 / Allies) mrfunes2: i told u
(10:03 / Allies) CandyInTheVAN: I know...
(10:04 / Allies) mrfunes2: make grunts
(10:09 / Allies) CandyInTheVAN: I've seen his shit before
(10:40 / All) Tairy: Tairy's Tip: Interrupting a hero while they are healing is known as "dinner."
(11:00 / Allies) CandyInTheVAN: purp... get your units...
(11:32 / All) Tairy: Tairy's Tip: If you lose a game, it is the fault of your allies.
(11:44 / All) 0n_TargeT: just stfu
(12:39 / All) Tairy: Tairy's Tip: Break all buildings to win the game!
(15:13 / All) Tairy: Tairy's Tip: If you lose a game, watch the replay to improve your skills!
(15:21 / All) 0n_TargeT: lol